AoeStats
← Tetractus

Arabia

508919010Analyzed
2v2 RM · 8d ago on Sep 24, 2026· 53m 29s· 4 players
Game mode
Random Map
Map size
Medium (4 player)
Population
200
Speed
Normal
Resources
Standard
Victory
Conquest
Starting age
Dark Age
Ending age
Imperial Age
RankedLock teamsTeams togetherTeam positionsShared explorationLock speedFull tech treeHidden civsTurbo modeCheats
Victory
Defeat
🇵🇷 Huns · Puerto Rico
1048
+17
🇪🇸 Khitans · Spain
1048
+17
🇳🇴 Malians · Norway
1105
-19
🇳🇴 Persians · Norway
1030
-15
Buonarroti
10:45 Feudal Age
9:00 Loom
11:14 Horse Collar
11:21 Double-Bit Axe
14:10 Bloodlines
20:07 Castle Age
19:04 Scale Mail Armor
21:40 Bow Saw
21:47 Heavy Plow
25:40 Scale Barding Armor
27:28 Husbandry
28:08 Fletching
28:39 Chain Barding Armor
28:20 Padded Archer Armor
28:55 Bodkin Arrow
30:32 Thumb Ring
31:17 Wheelbarrow
30:29 Town Watch
32:05 Leather Archer Armor
33:16 Ballistics
37:27 Imperial Age
35:13 Hand Cart
35:20 Town Patrol
35:39 Gold Mining
35:34 Light Cavalry
37:21 Forging
37:33 Heavy Cavalry Archer
38:38 Parthian Tactics
38:15 Bracer
38:52 Conscription
39:17 Plate Barding Armor
40:37 Two-Man Saw
41:39 Chemistry
40:50 Masonry
40:36 Murder Holes
43:30 Capped Ram
45:28 Cavalier
46:25 Chain Mail Armor
46:18 Siege Ram
47:43 Paladin
50:25 Iron Casting
52:19 Blast Furnace
51:32 Hussar
Tetractus
10:41 Feudal Age
10:21 Loom
15:29 Forging
17:52 Scale Barding Armor
22:42 Castle Age
20:36 Double-Bit Axe
22:36 Domestication
23:30 Husbandry
23:50 Gold Mining
23:54 Stone Mining
24:23 Fletching
25:28 Bow Saw
27:59 Stone Shaft Mining
29:02 Pikeman
31:24 Thumb Ring
37:02 Imperial Age
35:09 Wheelbarrow
34:44 Squires
35:08 Bodkin Arrow
35:46 Gambesons
36:24 Pastoralism
37:34 Iron Casting
37:56 Hand Cart
40:39 Ballistics
41:28 Two-Man Saw
41:36 Chemistry
41:17 Scale Mail Armor
41:46 Lamellar Armor
41:27 Light Cavalry
41:55 Town Watch
42:46 Arson
45:24 Chain Barding Armor
45:19 Chain Mail Armor
44:54 Hussar
46:47 Conscription
50:20 Plate Barding Armor
50:31 Transhumance
53:09 Plate Mail Armor
Frankxzx
9:06 Loom
10:52 Feudal Age
16:03 Castle Age
14:30 Double-Bit Axe
20:56 Bow Saw
20:42 Horse Collar
22:11 Pikeman
23:05 Bloodlines
26:06 Squires
26:08 Husbandry
26:24 Heavy Plow
28:54 Wheelbarrow
28:09 Town Watch
33:33 Imperial Age
32:22 Ballistics
31:35 Elite Skirmisher
32:51 Gold Mining
33:21 Cavalier
34:54 Hand Cart
34:43 Town Patrol
35:51 Crop Rotation
36:24 Two-Man Saw
35:16 Stone Mining
38:07 Gold Shaft Mining
39:34 Crossbowman
40:21 Thumb Ring
40:20 Kamandaran
41:38 Conscription
42:06 Fletching
42:38 Savar
43:11 Halberdier
48:40 Masonry
51:49 Architecture
52:22 Chemistry
51:54 Architecture
Fekt
9:26 Loom
11:39 Feudal Age
15:44 Castle Age
13:38 Double-Bit Axe
22:57 Town Watch
24:08 Wheelbarrow
28:05 Squires
29:06 Horse Collar
31:34 Scale Mail Armor
33:14 Arson
34:58 Hand Cart
34:59 Forging
35:05 Chain Mail Armor
40:15 Imperial Age
37:13 Light Cavalry
38:04 Bloodlines
37:57 Husbandry
39:18 Bow Saw
41:09 Farimba
41:34 Conscription
41:55 Scale Barding Armor
42:29 Iron Casting
48:09 Elite Gbeto
Connection lost

Rejoining the realm…

Still unreachable

The connection could not be restored.

Session expired

The server has moved on; the page needs a fresh start.